 Dungeon Crawl Stone Soup version 0.25-a0-413-g3b4b6a4ccc (webtiles) character file.

Game seed: 9744397252687069605, levelgen mode: deterministic

597 MrRokkomies the Ducker (level 7, -20/39 HPs)
             Began as a Spriggan Abyssal Knight on Jan 17, 2020.
             Was a Follower of Lugonu.
             Killed from afar by a hobgoblin (42 damage)
             ... with an exploding inner flame
             ... hexed by the player character
             ... on level 1 of the Dungeon.
             The game lasted 00:02:57 (767 turns).

MrRokkomies the Ducker (Spriggan Abyssal Knight)     Turns: 767, Time: 00:02:57

Health: -20/39     AC:  2    Str: 10    XL:     7   Next: 17%
Magic:  10/10      EV: 21    Int: 14    God:    Lugonu [*.....]
Gold:   42         SH:  0    Dex: 15    Spells: 6/6 levels left

rFire    . . .     SeeInvis +   a - +1 short sword
rCold    . . .     Gourm    .   (shield restricted)
rNeg     . . .     Faith    .   b - +0 robe
rPois    .         Spirit   .   (helmet restricted)
rElec    .         Reflect  .   (no cloak)
rCorr    .         Harm     .   (gloves unavailable)
MR       +....                  (boots unavailable)
Stlth    +.........             (no amulet)
HPRegen  0.13/turn              j - -3 ring of slaying (curse)
MPRegen  0.12/turn              (no ring)

@: very quick
A: very small, unfitting armour, see invisible, herbivore, speed 3, slow
metabolism 2
a: Depart the Abyss, Renounce Religion


You were on level 1 of the Dungeon.
You worshipped Lugonu.
Lugonu was aware of your devotion.
You were not hungry.

You visited 1 branch of the dungeon, and saw 1 of its levels.
You visited the Abyss 1 time.

You collected 42 gold pieces.

Inventory:

Hand Weapons
 a - a +1 short sword (weapon)
Armour
 b - a +0 robe (worn)
Jewellery
 j - a cursed -3 ring of slaying (left hand)
Scrolls
 e - 2 scrolls of teleportation
Potions
 d - a potion of lignification {unknown}
 f - 2 potions of curing {unknown}
 g - 2 potions of agility {unknown}
 h - a potion of cancellation {unknown}
 i - 2 potions of brilliance {unknown}
 l - a potion of invisibility {unknown}
Comestibles
 c - a ration


   Skills:
 - Level 5.1 Fighting
 * Level 3.8 Short Blades
 + Level 6.5 Dodging
 + Level 0.1 Stealth
 * Level 3.0 Invocations


You had 6 spell levels left.
You didn't know any spells.
Your spell library contained the following spells:

 Spells                   Type           Power        Failure   Level  Hunger
 Poisonous Vapours        Pois/Air       #.....       41%         2    ###....
 Conjure Flame            Conj/Fire      #.......     65%         3    ####...
 Mephitic Cloud           Conj/Pois/Air  #.......     65%         3    ####...
 Freezing Cloud           Conj/Ice/Air   #.........   100%        6    #######
 Ring of Flames           Chrm/Fire      #.........   100%        7    #######


Dungeon Overview and Level Annotations

Branches:
Dungeon (1/15)

Altars:


Innate Abilities, Weirdness & Mutations

You are very small and have problems with some larger weapons.
You are too small for most types of armour.
You have supernaturally acute eyesight. (SInv)
You are a herbivore.
You cover ground extremely quickly.
You need to consume almost no food.


Message History

A goblin comes into view.
The goblin shouts!
The hobgoblin shouts!
As you read the scroll labeled IRRAUCK YGAMEX, it crumbles to dust.
The creatures around you are filled with an inner flame!
It was a scroll of immolation.
The goblin shouts!
As you read the scroll labeled ELUXTE OF JIT, it crumbles to dust.
You feel aware of your surroundings.
It was a scroll of magic mapping.
Unknown command.
You hit the goblin.
Flame seeps out of the goblin.
The goblin is heavily wounded.
The hobgoblin closely misses you.
The goblin is engulfed in blazing flames.
The goblin explodes!
The fiery explosion engulfs you!
The fiery explosion engulfs the hobgoblin!!
The hobgoblin explodes!
The fiery explosion engulfs you!!!
Ouch! That really hurt!
You die...

##..# #.#.......>...#
##.## #.####.)..##### ##
#..# #.#.......# .## ##.#
##...#.#†).### ..##
#.########............#***
...#
#.†.#.......#.#.##........
...#
###...#####...#.*##.......
...####*#..#####§..###.*
##......
..............§○@#.# #.*
#.[....
.....########.§#§§.# *,*
#...... ...#.# *#..*#§###
*,* #...... ...#.#
**#..,,..# ***,* #######
..##,# *..g***..#**,,,*
.##*,** *.#** #.!.,,,***
## *,,***,* ##.#,,**
**,,***** #..,,* **,,,,,**
*,,*,**


You could see a goblin (inner flame).

Vanquished Creatures
  A wretched star (Abyss:2)
  A leopard gecko (D:1)
  A giant cockroach (D:1)
  6 goblins (D:1)
  3 hobgoblins (D:1)
  3 jackals (D:1)
  A ball python (D:1)
  3 bats (D:1)
  2 rats (D:1)
21 creatures vanquished.

Notes
Turn   | Place    | Note
-------+----------+-------------------------------------------
     0 | Abyss:1  | MrRokkomies the Spriggan Abyssal Knight began the quest for
                  | the Orb.
     0 | Abyss:1  | Reached XP level 1. HP: 11/11 MP: 3/3
     4 | Abyss:1  | Found a hide-covered altar of Uskayaw.
    17 | Abyss:1  | Noticed a thrashing horror
    31 | Abyss:2  | Noticed a wretched star
    62 | Abyss:2  | Killed a wretched star
    62 | Abyss:2  | Reached skill level 5 in Fighting
    62 | Abyss:2  | Reached skill level 6 in Dodging
    62 | Abyss:2  | Reached XP level 2. HP: 5/18 MP: 5/5
    62 | Abyss:2  | Reached XP level 3. HP: 7/23 MP: 6/6
    62 | Abyss:2  | Reached XP level 4. HP: 8/27 MP: 7/7
    62 | Abyss:2  | Reached XP level 5. HP: 9/30 MP: 8/8
    62 | Abyss:2  | Reached XP level 6. HP: 11/35 MP: 9/9
    62 | Abyss:2  | Reached XP level 7. HP: 12/39 MP: 10/10
   132 | Abyss:3  | Noticed a revenant
   171 | Abyss:3  | Noticed a worldbinder
   193 | Abyss:3  | Noticed a ynoxinul
   194 | Abyss:3  | Noticed a thrashing horror
   196 | Abyss:3  | Noticed a thrashing horror
   197 | Abyss:3  | Noticed a thrashing horror
   202 | D:1      | Escaped the Abyss
   239 | D:1      | Reached * piety under Lugonu
   767 | D:1      | Killed from afar by a hobgoblin

Levels and vault maps discovered:
D:1:      evilmike_arrival_come_back, layout_rooms

Skill      XL: |  1  2  3  4  5  6  7 |
---------------+----------------------+-----
Fighting       | 5 |  5.1
Short Blades   | 3 |  3.8
Dodging        | 6 |  6.5
Invocations    | 2 3 |  3.0
Stealth        | |  0.1

Action                   |  1- 3 |  4- 6 |  7- 9 || total
-------------------------+-------+-------+-------++-------
Melee: Short sword       |     1 |       |    86 ||    87
Invok: Depart the Abyss  |       |       |     1 ||     1
Evoke: Wand              |     7 |       |       ||     7
  Use: Scroll            |       |       |     6 ||     6
 Stab: Sleeping          |       |       |     2 ||     2
Armor: Robe              |       |       |     5 ||     5
Dodge: Dodged            |     2 |       |    89 ||    91

Table legend:
 A = Non-vault XP
 B = Vault XP
 C = Vault XP percentage of total XP
 D = Non-vault monster count
 E = Vault monster count
 F = Vault count percentage of total count
                 A         B        C        D         E       F
            +---------+---------+-------+---------+---------+-------
      Total |     853 |       0 |   0.0 |      21 |       0 |   0.0
            +---------+---------+-------+---------+---------+-------
        D:1 |      36 |       0 |   0.0 |      20 |       0 |   0.0
    Abyss:2 |     817 |       0 |   0.0 |       1 |       0 |   0.0
            +---------+---------+-------+---------+---------+-------
